 Dungeon Crawl Stone Soup version 0.31-a0-348-g810772c3d7 (webtiles) character file.

Game seed: 4036666429553350536

2039 AdnanSaban the Covered (level 9, -2/56 HPs)
             Began as a Gargoyle Fighter on July 22, 2023.
             Was an Initiate of Okawaru.
             Slain by an ogre
             ... wielding a +0 giant club
              (20 damage)
             ... on level 6 of the Dungeon.
             The game lasted 00:06:48 (5025 turns).

AdnanSaban the Covered (Gargoyle Fighter)           Turns: 5025, Time: 00:06:48

Health: -2/56      AC: 19    Str: 24    XL:     9   Next: 24%
Magic:  9/9        EV:  9    Int:  9    God:    Okawaru [......]
Gold:   535        SH:  4    Dex:  9    Spells: 8/8 levels left

rFire   + . .        j - +2 whip (drain)
rCold   . . .        c - +0 buckler
rNeg    + . .        a - +0 chain mail
rPois   ∞            v - +0 helmet
rElec   +            m - +0 cloak
rCorr   +            (no gloves)
SInv    .            (no boots)
Will    .....        (no amulet) Stlth
                     o - ring of protection from fire
HPRegen 0.29/turn    C - ring of resist corrosion
MPRegen 0.11/turn

%: no passive effects
@: no status effects
A: sickness immunity, AC +6, negative energy resistance 1, electricity
resistance, torment resistance 1, petrification resistance
a: Renounce Religion


You were on level 6 of the Dungeon.
You worshipped Okawaru.
Okawaru was noncommittal.
You visited 2 branches of the dungeon, and saw 7 of its levels.
You also visited: Ossuary.

You collected 535 gold pieces.

Inventory:

Hand Weapons
 j - a +2 whip of draining (weapon)
 u - a +0 whip of flaming
Missiles
 l - 2 throwing nets
 B - 5 javelins (quivered)
Armour
 a - a +0 chain mail (worn)
 c - a +0 buckler (worn)
 m - a +0 cloak (worn)
 v - a +0 helmet (worn)
Jewellery
 o - a ring of protection from fire (left hand)
 C - a ring of resist corrosion (right hand)
 G - a +6 ring of intelligence
Scrolls
 b - 3 scrolls of amnesia {unknown}
 f - a scroll of enchant armour {unknown}
 g - 7 scrolls of identify {unknown}
 i - a scroll of poison {unknown}
 n - a scroll of vulnerability {unknown}
 q - 4 scrolls of teleportation {unknown}
 s - 3 scrolls of immolation {unknown}
 t - a scroll of fog {unknown}
 w - a scroll of enchant weapon {unknown}
 x - a scroll of silence {unknown}
 y - 2 scrolls of revelation {unknown}
 D - 2 scrolls of acquirement {unknown}
Potions
 d - a potion of might
 e - 2 potions of curing {unknown}
 h - 4 potions of heal wounds {unknown}
 k - a potion of attraction {unknown}
 p - 2 potions of lignification {unknown}
 r - a potion of invisibility {unknown}
 z - a potion of berserk rage {unknown}
 A - a potion of magic {unknown}
 E - a potion of haste {unknown}
 F - a potion of degeneration {unknown}
 H - 2 potions of brilliance {unknown}


   Skills:
 + Level 6.5 Fighting
 + Level 7.4 Maces & Flails
 + Level 7.5 Armour
 + Level 2.2 Dodging
 + Level 5.3 Shields


You had 8 spell levels left.
You didn't know any spells.
Your spell library contained the following spells:

 Spells                   Type           Power      Damage    Failure   Level
 Apportation              Tloc           0%         N/A       92%         1
 Scorch                   Fire           0%         2d5       98%         2
 Gell's Gravitas          Tloc           0%         N/A       100%        3
 Teleport Other           Tloc           0%         N/A       100%        3
 Flame Wave               Conj/Fire      0%         2d4       100%        4
 Alistair's Intoxication  Tmut/Pois      0%         N/A       100%        5
 Dispersal                Tloc           0%         N/A       100%        6
 Summon Cactus Giant      Summ           Unusable   N/A       N/A         6

Dungeon Overview and Level Annotations

Branches:
Dungeon (6/15)             Temple (1/1) D:5         Ossuary (visited)

Altars:
Ashenzari
Cheibriados
Dithmenos
Elyvilon
Fedhas
Gozag
Hepliaklqana
Makhleb
Nemelex Xobeh
Okawaru
Ru
Trog
Uskayaw
Vehumet
Wu Jian
Yredelemnul
Zin
The Shining One


Innate Abilities, Weirdness & Mutations

You are immune to sickness and miasma.
Your stone body is resilient. (AC +6)
You are immune to poison.
You resist negative energy. (rN+)
You are resistant to electric shocks. (rElec)
You are resistant to unholy torment.
You are immune to petrification.


Message History

An ogre is nearby!
You barely miss the ogre. The ogre misses you.
You whack the ogre!
The ogre is moderately wounded.
The ogre hits you with a +0 giant club!!
You hit the ogre.
The ogre is moderately wounded.
You hit the ogre.
The ogre is heavily wounded.
The ogre barely misses you.
You completely miss the ogre.
The ogre is heavily wounded.
You hit the ogre. You drain the ogre.
The ogre is severely wounded.
The ogre hits you with a +0 giant club!!
* * * LOW HITPOINT WARNING * * *
You are too injured to fight recklessly!
You are too injured to fight recklessly!
You are too injured to fight recklessly!
You are too injured to fight recklessly!
You are too injured to fight recklessly!
You are too injured to fight recklessly!
You are too injured to fight recklessly!
You are too injured to fight recklessly!
You are too injured to fight recklessly!
You are too injured to fight recklessly!
You are too injured to fight recklessly!
You are too injured to fight recklessly!
You are too injured to fight recklessly!
You are too injured to fight recklessly!
You are too injured to fight recklessly!
You are too injured to fight recklessly!
You are too injured to fight recklessly!
You are too injured to fight recklessly!
Found a stone staircase leading down.
There is a stone staircase leading down here.
You hit the ogre.
The ogre is severely wounded.
The ogre hits you with a +0 giant club!!
You die...

.#####.############.#..>..<(.....
## #.# #.###.########. .# #.# #.#
#.# .# #.# #.# #.# .#####.#####
#.# #.# #+.........# #.# #.#
.....#.###.# #.# #.# .......#
#.########.###.# ####.###
#.#..>O@....... ...
#.#.#####.##### ##. #.#.# # #.
#...# # ###.# #.# #............
#.######.#### #


You could see an ogre (drained).

Vanquished Creatures
  Pikel (D:3)
  Sigmund (D:2)
  A black bear (D:6)
  Pargi (D:3)
  3 ogres
  A centaur (D:5)
  2 phantoms (D:5)
  3 lemures
  Blork the orc (D:3)
  A scorpion (D:4)
  A gnoll bouda (D:4)
  A jelly (D:5)
  2 hounds
  A sleepcap (D:5)
  An iguana (D:4)
  4 orc wizards
  Natasha (thrice) (D:4)
  8 mummies (Ossuary)
  4 gnolls
  5 adders
  An ufetubus (D:5)
  3 worms
  6 orcs
  8 ball pythons
  8 endoplasms
  3 giant cockroaches
  5 goblins
  6 hobgoblins
  7 jackals (D:1)
  2 quokkas
  3 bats
  3 frilled lizards (D:1)
  A gnoll zombie (Ossuary)
  2 hobgoblin zombies (Ossuary)
  7 kobolds
  2 kobold zombies (Ossuary)
  3 orc zombies (Ossuary)
  6 rats
121 creatures vanquished.

Notes
Turn   | Place    | Note
-------+----------+-------------------------------------------
     0 | D:1      | AdnanSaban the Gargoyle Fighter began the quest for the
                  | Orb.
     0 | D:1      | Reached XP level 1. HP: 14/14 MP: 1/1
    69 | D:1      | Reached XP level 2. HP: 19/19 MP: 2/2
   416 | D:1      | Reached XP level 3. HP: 23/23 MP: 3/3
   988 | D:2      | Reached XP level 4. HP: 29/29 MP: 4/4
  1105 | D:2      | Found a broken altar of Ashenzari.
  1192 | D:2      | Noticed Sigmund
  1215 | D:2      | Killed Sigmund
  1216 | D:2      | Reached skill level 1 in Dodging
  1216 | D:2      | Reached XP level 5. HP: 23/34 MP: 5/5
  1216 | D:2      | Reached XP level 6. HP: 26/39 MP: 6/6
  2334 | D:4      | Noticed Pargi
  2351 | D:3      | Killed Pargi
  2352 | D:3      | Reached skill level 5 in Armour
  2388 | D:4      | Reached XP level 7. HP: 10/44 MP: 7/7
  2581 | D:4      | Noticed Pikel
  2609 | D:3      | Killed Pikel
  2610 | D:3      | Reached skill level 5 in Fighting
  2610 | D:3      | Reached skill level 5 in Maces & Flails
  2610 | D:3      | Reached XP level 8. HP: 36/49 MP: 8/8
  3005 | D:4      | Noticed Natasha
  3017 | D:4      | Killed Natasha
  3219 | D:4      | Noticed Natasha
  3226 | D:4      | Killed Natasha
  3249 | D:4      | Identified the +8 spear of the Seven Deaths {drain, *Slow
                  | rElec Dex+8 SInv}
  3391 | D:4      | Noticed Natasha
  3397 | D:4      | Killed Natasha
  3400 | D:4      | Noticed Blork the orc
  3400 | D:4      | Found an opulent altar of Gozag.
  3492 | D:3      | Killed Blork the orc
  3526 | D:3      | Reached skill level 5 in Shields
  3641 | D:5      | Entered Level 5 of the Dungeon
  3916 | D:5      | Found a staircase to the Ecumenical Temple.
  3922 | Temple   | Entered the Ecumenical Temple
  3977 | D:5      | Reached XP level 9. HP: 55/55 MP: 9/9
  4472 | D:5      | Found an iron altar of Okawaru.
  4472 | D:5      | Found a white marble altar of Elyvilon.
  4472 | D:5      | Found a hazy altar of Hepliaklqana.
  4487 | D:5      | Became a worshipper of Warmaster Okawaru
  4621 | D:6      | Identified the +9 long sword "Vab Elet" {holy, Fragile
                  | Int+5 Dex+3}
  4630 | D:6      | Found a sand-covered staircase.
  4635 | Ossuary  | Entered an ossuary
  5025 | D:6      | Slain by an ogre

Illustrated notes

Levels and vault maps discovered:
D:1:      mushboom_english_gardens, layout_rooms, minmay_curled_crystal
D:2:      layout_basic, basic_altar, uniq_sigmund
D:3:      layout_loops_corners
D:4:      layout_gridville, nicolae_gozag_seed_capital, uniq_natasha,
          uniq_pargi, uniq_blork_the_orc, uniq_pikel
D:5:      layout_cave_pods, gammafunk_temple_overflow_claw,
          minmay_temple_entry_hall
D:6:      cheibrodos_quashed, layout_loops_ring, mainiacjoe_overflow_chevrons,
          mainiacjoe_overflow_24_doors, tgw_sif,
          nicolae_ossuary_entry_false_entrances
Temple:   oiseaux_autumnal_temple

Skill      XL: |  1  2  3  4  5  6  7  8  9 |
---------------+----------------------------+-----
Fighting       | 4 5 6 |  6.5
Maces & Flails | 3 4 5 6 7 |  7.4
Armour         | 4 5 6 7 |  7.5
Dodging        | 1 2 |  2.2
Shields        | 4 5 |  5.3

Action                     |  1- 3 |  4- 6 |  7- 9 || total
---------------------------+-------+-------+-------++-------
  Melee: Flail             |    96 |       |       ||    96
         Whip              |    36 |   105 |   370 ||   511
 Armour: Scale mail        |    71 |       |       ||    71
         Chain mail        |     4 |    54 |   181 ||   239
  Dodge: Dodged            |    89 |    44 |   115 ||   248
  Block: Buckler           |    38 |    13 |    53 ||   104

Table legend: (Time is in decaauts)
 A = Elapsed time spent in this place.
 B = Non-inter-level travel time spent in this place.
 C = Inter-level travel time spent in this place.
 D = Time resting spent in this place.
 E = Time spent auto-exploring this place.
 F = Levels seen in this place.
 G = Mean time per level.
                   A        B        C        D        E       F      G
               +--------+--------+--------+--------+--------+-----+--------+
         Total |   4988 |   4814 |    174 |    227 |   3441 |   8 |  623.5 |
       Dungeon |   4686 |   4512 |    174 |    227 |   3249 |   6 |  781.0 |
        Temple |      1 |      1 |      0 |      0 |      0 |   1 |    1.0 |
       Ossuary |    299 |    299 |      0 |      0 |    192 |   1 |  299.0 |
               +--------+--------+--------+--------+--------+-----+--------+

Top non-repeatable levels by time:
     D:3: 1349 daAuts
     D:4: 967 daAuts
     D:5: 858 daAuts
     D:1: 831 daAuts
     D:2: 548 daAuts
 Ossuary: 299 daAuts
     D:6: 132 daAuts
  Temple: 1 daAuts
